 Dungeon Crawl Stone Soup version 0.23.2-33-g5129a83184 (webtiles) character file.

Game seed: 5837733210674137327

282 Derp the Conjurer (level 6, -5/36 HPs)
             Began as an Octopode Conjurer on July 21, 2019.
             Killed by divine providence
             ... invoked by an orc priest
              (12 damage)
             ... on level 4 of the Dungeon.
             The game lasted 00:14:39 (3858 turns).

Derp the Conjurer (Octopode Conjurer)               Turns: 3858, Time: 00:14:39

Health: -5/36      AC:  3    Str:  7    XL:     6   Next: 28%
Magic:  6/11       EV: 13    Int: 19    God:
Gold:   139        SH:  0    Dex: 13    Spells: 11/12 levels left

rFire    . . .     SeeInvis +   n - +0 whip (flame)
rCold    . . .     Gourm    .   (no shield)
rNeg     + . .     Faith    .   a - +2 hat
rPois    .         Spirit   .   (no amulet)
rElec    .         Reflect  .   c - ring of positive energy
rCorr    .         Harm     .   p - ring of see invisible (curse)
MR       .....                  (no ring)
Stlth    +++.......             (no ring)
HPRegen  0.12/turn              (no ring)
MPRegen  0.12/turn              (no ring)
                                (no ring)
                                (no ring)

@: no status effects
A: almost no armour, stealthy swim, amphibious, 8 rings, constrict 8, camouflage
1, gelatinous body 1
a: no special abilities


You were on level 4 of the Dungeon.
You were hungry.

You visited 1 branch of the dungeon, and saw 6 of its levels.

You collected 229 gold pieces.
You spent 90 gold pieces at shops.

Inventory:

Hand Weapons
 n - a +0 whip of flaming (weapon)
Armour
 a - a +2 hat (worn)
 v - a cursed +0 helmet
Jewellery
 c - a ring of positive energy (left tentacle)
 p - a cursed ring of see invisible (right tentacle)
Scrolls
 d - 2 scrolls of amnesia {unknown}
 e - 2 scrolls of identify {unknown}
 g - a scroll of fog {unknown}
 h - a scroll of immolation {unknown}
 i - 2 scrolls of teleportation
 l - a scroll of random uselessness {unknown}
 m - a scroll of noise {unknown}
 r - 2 scrolls of remove curse {unknown}
Potions
 f - a potion of flight {unknown}
 j - 2 potions of ambrosia {unknown}
 k - 2 potions of curing
 o - a potion of magic {unknown}
 q - a potion of might {unknown}
 s - 3 potions of agility {unknown}
 t - a potion of haste {unknown}
 u - a potion of lignification {unknown}
Comestibles
 b - 9 rations


   Skills:
 + Level 2.2 Dodging
 + Level 3.1 Stealth
 + Level 3.7 Spellcasting
 + Level 6.2 Conjurations


You had 11 spell levels left.
You knew the following spells:

 Your Spells              Type           Power        Failure   Level  Hunger
a - Magic Dart            Conj           ####         1%          1    None

Your spell library contained the following spells:

 Spells                   Type           Power        Failure   Level  Hunger
 Searing Ray              Conj           ####..       1%          2    ##.....
 Iskenderun's Mystic Bla  Conj           ####....     11%         4    ####...
 Dazzling Spray           Conj/Hex       ###...       12%         3    ###....
 Force Lance              Conj/Tloc      ###.....     36%         4    ####...
 Fulminant Prism          Conj/Hex       ###.......   36%         4    ####...


Dungeon Overview and Level Annotations

Branches:
Dungeon (6/15)
 Temple: D:4-7

Altars:
Zin

Shops:
D:4 *?[

Annotations:
D:5 3 runed translucent doors, Hycrow's ghost, novice MiBe
D:6 3 runed translucent doors, psyvane's ghost, novice DsWn


Innate Abilities, Weirdness & Mutations

You cannot wear most types of armour.
You are very stealthy in the water. (Stealth+)
You are amphibious.
You can wear up to eight rings at the same time.
You can use your tentacles to constrict eight enemies at once.
Your skin changes colour to match your surroundings (Stealth+).
Your rubbery body absorbs attacks. (AC +1, EV +1)


Message History

* * * LOW HITPOINT WARNING * * *
Casting: Magic Dart (safe; 1% risk of failure)
Confirm with . or Enter, or press ? or * to list all spells.
Aiming: Magic Dart (safe; 1% risk of failure)
Press: ? - help, Shift-Dir - straight line, f/p - orc wizard
Aim: an orc wizard, wielding a +0 dagger and wearing a +0 robe (heavily wounded, slightly transparent)
The magic dart hits the orc wizard.
The orc wizard is severely wounded.
The orc wizard casts a spell at you. You resist with some effort.
Casting: Magic Dart (safe; 1% risk of failure)
Confirm with . or Enter, or press ? or * to list all spells.
Aiming: Magic Dart (safe; 1% risk of failure)
Press: ? - help, Shift-Dir - straight line, f/p - orc wizard
Aim: an orc wizard, wielding a +0 dagger and wearing a +0 robe (severely wounded, slightly transparent)
The magic dart hits the orc wizard.
The orc wizard is almost dead.
The orc priest invokes the aid of Beogh against you.
Beogh smites you!
You die...

#..# .. #..##### .# .# #.
##### #......###..# .. .
....#####.####......# .#.# #
................###.##.#.##.#
....#####....##..............
.#### ####.###.#####.>..###
## #..##.# ##.......
##.##@####)....#
#.##..#....†..#
######.#.o..)..#####
..........#.#).##
#######.###o...#
#.##....#######
#.##....#.....#
#.#..o8.#.....#
##..o.#........#


You could see an orc priest, an orc wizard (invisible) and an orc.

Vanquished Creatures
  A scorpion (D:4)
  A bullfrog zombie (D:5)
  A hound (D:4)
  A worker ant (D:4)
  2 adders
  An ooze (D:1)
  A worm (D:2)
  3 dart slugs
  5 leopard geckos
  13 orcs
  A ball python (D:1)
  10 bats
  6 giant cockroaches
  9 hobgoblins
  3 jackals (D:4)
  2 quokkas (D:3)
  6 frilled lizards
  14 goblins
  8 kobolds
  7 rats
95 creatures vanquished.

Notes
Turn   | Place    | Note
-------+----------+-------------------------------------------
     0 | D:1      | Derp the Octopode Conjurer began the quest for the Orb.
     0 | D:1      | Reached XP level 1. HP: 11/11 MP: 3/3
   250 | D:1      | Reached XP level 2. HP: 13/17 MP: 1/5
   804 | D:1      | Reached XP level 3. HP: 21/21 MP: 3/6
  1418 | D:2      | Reached skill level 5 in Conjurations
  1686 | D:2      | Reached XP level 4. HP: 27/27 MP: 2/7
  2578 | D:3      | Reached XP level 5. HP: 31/31 MP: 2/9
  3053 | D:4      | You fall through a shaft for 2 floors!
  3102 | D:6      | Found a runed translucent gate.
  3103 | D:6      | Found a runed translucent gate.
  3106 | D:6      | Found a runed translucent gate.
  3110 | D:6      | Noticed psyvane's ghost (novice DsWn)
  3111 | D:6      | Noticed an ogre
  3112 | D:6      | Noticed a phantom
  3163 | D:5      | Entered Level 5 of the Dungeon
  3171 | D:5      | Noticed Hycrow's ghost (novice MiBe)
  3172 | D:5      | Found a runed translucent gate.
  3173 | D:5      | Found a runed translucent gate.
  3173 | D:5      | Found a runed translucent gate.
  3447 | D:4      | Reached skill level 6 in Conjurations
  3447 | D:4      | Reached XP level 6. HP: 36/36 MP: 4/11
  3576 | D:4      | Found Zid Xery's Assorted Antiques.
  3598 | D:4      | Found Zin's Purification Station.
  3615 | D:4      | Found a glowing silver altar of Zin.
  3620 | D:4      | Bought a potion of curing for 90 gold pieces
  3690 | D:4      | Found Uzacw's Antique Armour Boutique.
  3822 | D:4      | Found Izyats's Magic Scroll Emporium.
  3858 | D:4      | Killed from afar by an orc priest

Skill      XL: |  1  2  3  4  5 |
---------------+----------------+-----
Conjurations   | 5 6 |  6.2
Stealth        | 3 |  3.1
Spellcasting   | 3 |  3.7
Dodging        | |  2.2

Action                   |  1- 3 |  4- 6 || total
-------------------------+-------+-------++-------
 Cast: Magic Dart        |    88 |   146 ||   234
  Use: Scroll            |       |     1 ||     1
  Eat: Chunk             |     2 |     7 ||     9
Armor: Skin              |     7 |     1 ||     8
Dodge: Dodged            |    19 |    25 ||    44
